 Dungeon Crawl Stone Soup version 0.27.0-1-g7a089689b8 (webtiles) character file.

Game seed: 17785391259739204500

860 inmateoo the Digger (level 8, -1/46 HPs)
             Began as an Octopode Earth Elementalist on Aug 13, 2021.
             Slain by an orc warrior (9 damage)
             ... on level 6 of the Dungeon.
             The game lasted 00:08:25 (6909 turns).

inmateoo the Digger (Octopode Earth Elementalist)   Turns: 6909, Time: 00:08:25

Health: -1/46      AC:  1    Str:  7    XL:     8   Next: 2%
Magic:  0/14       EV: 14    Int: 20    God:
Gold:   195        SH:  0    Dex: 12    Spells: 5/15 levels left

rFire    . . .     SeeInvis .   e - +1 dagger (protect)
rCold    . . .     Faith    .   (no shield)
rNeg     . . .     Spirit   .   (helmet restricted)
rPois    .         Reflect  .   (no amulet)
rElec    .         Harm     .   m - ring of willpower
rCorr    .         Rampage  .   (no ring)
Will     +....                  (no ring)
Stlth    ++++......             (no ring)
HPRegen  0.15/turn              (no ring)
MPRegen  0.14/turn              (no ring)
                                (no ring)
                                (no ring)

@: no status effects
A: almost no armour, amphibious, 8 rings, camouflage 1, gelatinous body 1,
(nimble swimmer 1), tentacles
a: no special abilities


You were on level 6 of the Dungeon.
You visited 2 branches of the dungeon, and saw 7 of its levels.

You collected 195 gold pieces.

Inventory:

Hand Weapons
 e - a +1 dagger of protection (weapon)
Missiles
 b - 5 stones
 r - 2 throwing nets
Jewellery
 m - a ring of willpower (left tentacle)
Wands
 a - a wand of iceblast (13)
 h - a wand of paralysis (6)
 i - a wand of polymorph (4)
 n - a wand of flame (9)
Scrolls
 c - a scroll of fog
 o - a scroll of noise {unknown}
 p - 2 scrolls of identify
Potions
 d - 6 potions of curing
 f - 2 potions of cancellation
 g - 2 potions of heal wounds
 j - 2 potions of invisibility
 k - a potion of flight {unknown}
 l - 3 potions of brilliance {unknown}
 q - a potion of degeneration {unknown}


   Skills:
 - Level 4.0 Dodging
 - Level 5.0 Stealth
 + Level 4.4 Spellcasting
 - Level 4.0 Transmutations
 + Level 5.3 Earth Magic


You had 5 spell levels left.
You knew the following spells:

 Your Spells              Type           Power      Damage    Failure   Level
a - Sandblast             Erth           50%        2d12      1%          1
b - Passwall              Tmut/Erth      19%        N/A       2%          2
c - Stone Arrow           Conj/Erth      30%        3d8       12%         3
d - Petrify               Tmut/Erth      23%        N/A       19%         4

Your spell library contained the following spells:

 Spells                   Type           Power      Damage    Failure   Level
 Borgnjor's Vile Clutch   Necr/Erth      7%         N/A       75%         5
 Alistair's Intoxication  Tmut/Pois      8%         N/A       83%         5
 Eringya's Noxious Bog    Tmut/Pois      6%         N/A       100%        6


Dungeon Overview and Level Annotations

Branches:
Dungeon (6/15)             Temple (1/1) D:5

Altars:
Cheibriados
Elyvilon
Gozag
Nemelex Xobeh
Ru
Trog
Uskayaw
Vehumet
Wu Jian
Xom
Yredelemnul
Zin
The Shining One


Innate Abilities, Weirdness & Mutations

You cannot wear most types of armour.
You are amphibious.
You can wear up to eight rings at the same time.
Your skin changes colour to match your surroundings (Stealth+).
Your rubbery body absorbs attacks. (AC +1, EV +1)
((You are camouflaged near water. (Stealth+)))
You have tentacles for arms and can constrict up to eight enemies at once.


Message History

The orc warrior is heavily wounded.
The orc warrior hits you with a +0 short sword!
Casting: Stone Arrow (dangerous; 12% risk of failure)
Confirm with . or Enter, or press ? or * to list all spells.
Aiming: Stone Arrow (dangerous; 12% risk of failure)
Press: ? - help, Shift-Dir - straight line, f/p - orc warrior
Aim: an orc warrior, wielding a +0 short sword and wearing a +0 plate armour (heavily wounded, 68% to hit)
The stone arrow hits the orc warrior!
The orc warrior is severely wounded.
The orc warrior hits you with a +0 short sword!
Casting: Stone Arrow (dangerous; 12% risk of failure)
Confirm with . or Enter, or press ? or * to list all spells.
Aiming: Stone Arrow (dangerous; 12% risk of failure)
Press: ? - help, Shift-Dir - straight line, f/p - orc warrior
Aim: an orc warrior, wielding a +0 short sword and wearing a +0 plate armour (severely wounded, 68% to hit)
The stone arrow hits the orc warrior.
The orc warrior is almost dead.
The orc warrior hits you with a +0 short sword!!
* * * LOW HITPOINT WARNING * * *
Casting: Stone Arrow (dangerous; 12% risk of failure)
Confirm with . or Enter, or press ? or * to list all spells.
You don't have enough magic to cast this spell.
Unknown command.
Casting: Stone Arrow (dangerous; 12% risk of failure)
Confirm with . or Enter, or press ? or * to list all spells.
Aiming: Sandblast (safe; 1% risk of failure)
Press: ? - help, Shift-Dir - straight line, f/p - orc warrior
Aim: an orc warrior, wielding a +0 short sword and wearing a +0 plate armour (almost dead, 81% to hit)
The blast of sand hits the orc warrior but does no damage.
The orc warrior is almost dead.
The orc warrior completely misses you.
Casting: Sandblast (safe; 1% risk of failure)
Confirm with . or Enter, or press ? or * to list all spells.
Aiming: Sandblast (safe; 1% risk of failure)
Press: ? - help, Shift-Dir - straight line, f/p - orc warrior
Aim: an orc warrior, wielding a +0 short sword and wearing a +0 plate armour (almost dead, 81% to hit)
The blast of sand hits the orc warrior but does no damage.
The orc warrior is almost dead.
The orc warrior hits you with a +0 short sword!
You die...

..#.# #.# ..#.#
#.# ..#.####
#.# #.#.....
#.# #.#....>
#.# #.#.#...
#o#
#######.#.##.#
#o#
..............
#@#
######.#.##.#
#.# #.#.##.#
#.# #.#.##..
#.# #.#.####
#.#########.#.#
##
#...........#..
..
###############
##


You could see an orc warrior and an orc.

Vanquished Creatures
  Menkaure (D:5)
  An ice beast (D:6)
  A centaur (D:5)
  2 centaur skeletons (D:5)
  An orc priest (D:3)
  A hound (D:4)
  2 bullfrog skeletons
  An iguana (D:5)
  An orc wizard (D:3)
  A killer bee zombie (D:5)
  4 hound skeletons
  A hound zombie (D:5)
  A howler monkey skeleton (D:5)
  7 adders
  5 gnolls
  2 adder skeletons
  4 worms (D:2)
  A dart slug (D:3)
  16 orcs
  6 bats
  11 endoplasms
  4 giant cockroaches
  3 goblins (D:1)
  2 hobgoblins (D:1)
  12 jackals
  3 quokkas
  3 ball pythons
  5 frilled lizards
  9 kobolds
  10 rats
121 creatures vanquished.

Notes
Turn   | Place    | Note
-------+----------+-------------------------------------------
     0 | D:1      | inmateoo the Octopode Earth Elementalist began the quest
                  | for the Orb.
     0 | D:1      | Reached XP level 1. HP: 11/11 MP: 3/3
   207 | D:1      | Reached XP level 2. HP: 8/17 MP: 0/5
   473 | D:1      | Learned a level 2 spell: Passwall
   514 | D:1      | Found a faded altar of an unknown god.
   625 | D:1      | Reached XP level 3. HP: 14/21 MP: 2/6
  1246 | D:2      | Learned a level 3 spell: Stone Arrow
  1323 | D:2      | Reached XP level 4. HP: 27/27 MP: 2/7
  1567 | D:2      | Found a shimmering altar of Xom.
  1924 | D:2      | Reached XP level 5. HP: 31/31 MP: 1/9
  3513 | D:3      | Reached XP level 6. HP: 35/36 MP: 7/10
  4145 | D:4      | Found the +3 salamander hide armour {Flames rF++ rC--}
  4170 | D:4      | Reached skill level 5 in Stealth
  4269 | D:4      | Found a bloodstained altar of Trog.
  4862 | D:5      | Entered Level 5 of the Dungeon
  4914 | D:5      | Learned a level 4 spell: Petrify
  5200 | D:5      | Found a staircase to the Ecumenical Temple.
  5208 | Temple   | Entered the Ecumenical Temple
  5459 | D:5      | Noticed Menkaure
  5466 | D:5      | Reached XP level 7. HP: 34/41 MP: 5/12
  5540 | D:5      | Killed Menkaure
  6325 | D:5      | Reached skill level 5 in Earth Magic
  6664 | D:6      | Reached XP level 8. HP: 19/46 MP: 1/14
  6909 | D:6      | Slain by an orc warrior

Illustrated notes

Levels and vault maps discovered:
D:1:      evilmike_arrival_fibonacci_small, layout_basic,
          ebering_ecumenical_altar_rust
D:2:      minmay_recursive_quarters, layout_basic, basic_altar,
          minmay_misc_feat_tiny, minmay_misc_feat_plants, grunt_ministairs_1
D:3:      layout_basic
D:4:      minmay_door_path, layout_basic, lemuel_crystal_altar
D:5:      layout_loops_corners, temple_statues, uniq_menkaure
D:6:      layout_basic, kennysheep_vampire_church,
          mainiacjoe_overflow_large_starburst, hangedman_decor_opposing
Temple:   minmay_temple_curvy_loop

Skill      XL: |  1  2  3  4  5  6  7 |
---------------+----------------------+-----
Stealth        | 3 4 5 |  5.0
Transmutations | 2 3 4 |  4.0
Dodging        | 3 4 |  4.0
Spellcasting   | 3 4 |  4.4
Earth Magic    | 4 5 |  5.3

Action                   |  1- 3 |  4- 6 |  7- 9 || total
-------------------------+-------+-------+-------++-------
Melee: Unarmed           |     5 |       |       ||     5
       Constrict         |     9 |    12 |     4 ||    25
       Tentacles         |     1 |     8 |     1 ||    10
       Dagger            |    15 |    57 |    15 ||    87
       Short sword       |     3 |       |       ||     3
 Cast: Sandblast         |    47 |    85 |     6 ||   138
       Stone Arrow       |       |     4 |    21 ||    25
       Petrify           |       |       |     1 ||     1
  Use: Scroll            |       |     9 |       ||     9
       Potion            |       |       |     2 ||     2
 Stab: Sleeping          |     3 |     9 |     2 ||    14
Armor: Skin              |     9 |    12 |     5 ||    26
Dodge: Dodged            |    25 |    67 |    27 ||   119
